AoeStats
← 梦庄周

Nomad

510245933Analyzed
2v2 RM · 1d ago on Sep 30, 2026· 47m 52s· 4 players
Game mode
Random Map
Map size
176×176
Population
200
Speed
Normal
Resources
Standard
Victory
Conquest
Starting age
Dark Age
Ending age
Imperial Age
RankedLock teamsTeams togetherTeam positionsShared explorationLock speedFull tech treeHidden civsTurbo modeCheats
Victory
Defeat
🇨🇳 Berbers · China
1135
+17
🇨🇳 Maya · China
1085
+19
🇺🇸 Magyars · United States
1176
-19
🇺🇸 Gurjaras · United States
1134
-17
freddie
8:09 Loom
14:09 Feudal Age
19:28 Castle Age
17:57 Double-Bit Axe
18:52 Fishing Lines
20:18 Bloodlines
20:45 Bow Saw
21:21 Gillnets
21:59 Husbandry
24:28 Horse Collar
24:19 Light Cavalry
27:08 Stone Mining
27:11 Gold Mining
28:29 Fletching
29:23 Wheelbarrow
31:53 Kshatriyas
32:45 Bodkin Arrow
36:28 Imperial Age
34:24 Forging
37:37 Iron Casting
38:42 Hand Cart
38:13 Town Watch
42:07 Conscription
42:42 Town Patrol
LaserLobbes
12:47 Loom
14:33 Feudal Age
19:08 Double-Bit Axe
22:09 Castle Age
43:02 Bow Saw
天天一笑
6:15 Loom
13:37 Feudal Age
19:53 Castle Age
18:26 Scale Mail Armor
19:32 Forging
20:59 Chain Mail Armor
20:47 Squires
25:40 Wheelbarrow
26:02 Eagle Warrior
30:59 Gold Mining
32:12 Stone Mining
32:09 Double-Bit Axe
32:05 Horse Collar
36:42 Imperial Age
35:41 Iron Casting
34:53 Arson
38:15 Plate Mail Armor
38:45 Blast Furnace
38:47 Bow Saw
38:38 Heavy Plow
38:09 Elite Eagle Warrior
41:22 Hand Cart
41:23 Fletching
41:34 Padded Archer Armor
43:29 Two-Man Saw
43:48 Conscription
44:09 Holcans
45:24 Leather Archer Armor
45:04 Bodkin Arrow
47:27 Sappers
48:35 Hoardings
梦庄周
14:48 Feudal Age
16:01 Fishing Lines
18:34 Castle Age
17:05 Double-Bit Axe
17:03 Horse Collar
19:12 Loom
20:28 Wheelbarrow
19:39 Town Watch
20:07 Bow Saw
19:55 Gillnets
22:48 Stone Mining
23:27 Hand Cart
23:14 Fletching
23:33 Heavy Plow
24:58 Bodkin Arrow
25:54 Husbandry
26:18 Gold Mining
28:58 Gold Shaft Mining
28:59 Stone Shaft Mining
29:59 Bloodlines
32:37 Imperial Age
31:20 Kasbah
32:27 Thumb Ring
32:50 Ballistics
32:12 Treadmill Crane
32:42 Masonry
33:23 Coinage
33:02 Scale Barding Armor
33:59 Bracer
34:00 Padded Archer Armor
33:49 Elite Camel Archer
34:50 Conscription
34:14 Capped Ram
36:33 Chemistry
35:39 Siege Engineers
36:10 Banking
38:03 Leather Archer Armor
38:09 Chain Barding Armor
38:00 Forging
37:14 Cavalier
38:30 Heavy Camel Rider
40:27 Hoardings
40:38 Plate Barding Armor
40:34 Ring Archer Armor
40:45 Murder Holes
43:14 Crop Rotation
43:18 Maghrebi Camels
44:13 Iron Casting
46:13 Blast Furnace
Connection lost

Rejoining the realm…

Still unreachable

The connection could not be restored.

Session expired

The server has moved on; the page needs a fresh start.